Map: 2000 Atmospheres LE

Players

Nice - Winner!

  • Race: Protoss Protoss

ButAlways

  • Race: Protoss Protoss

Event: DreamHack SC2 Masters 2021 Fall

VOD

Have the link to the VOD?

Description

Time

  • Played on: July 30, 2021, 7:54 a.m.
  • Length: 3:35

All games in this series

Show
View Real Time Build Order
Export as new Build Order

Nice Protoss - Winner!

Build Orders:  

Get SALT Encoding   

  12  0:00  Probe  
  13  0:12  Probe  
  14  0:18  Pylon  
  14  0:24  Probe  
  15  0:36  Probe (Chrono Boost)  
  15  0:38  Gateway  
  16  0:47  Assimilator  
  16  0:48  Probe (Chrono Boost)  
  17  0:52  Probe (Chrono Boost)  
  18  1:03  Probe  
  19  1:15  Probe  
  20  1:22  Assimilator  
  20  1:23  Gateway  
  20  1:25  Cybernetics Core  
  20  1:27  Zealot (Chrono Boost)  
  22  1:34  Pylon  
  22  1:37  Probe  
  23  1:52  Probe  
  24  1:57  Pylon  
  24  2:00  Stalker (Chrono Boost)  
  28  2:17  Stalker (Chrono Boost)  
  28  2:20  Pylon  
  28  2:22  Shield Battery  
  28  2:24  Stalker  
  30  2:38  Shield Battery  
  30  2:40  Stalker  
  30  2:51  Shield Battery  
  30  2:59  Stalker  
  32  3:16  Probe  
  32  3:18  Shield Battery  
Show
View Real Time Build Order
Export as new Build Order

ButAlways Protoss 

Build Orders:  

Get SALT Encoding   

  12  0:08  Pylon  
  12  0:12  Probe  
  13  0:26  Gateway  
  13  0:30  Probe (Chrono Boost)  
  14  0:39  Probe (Chrono Boost)  
  14  0:41  Assimilator  
  15  0:44  Probe (Chrono Boost)  
  16  0:50  Assimilator  
  16  0:56  Probe  
  17  1:08  Probe  
  18  1:13  Cybernetics Core  
  18  1:16  Zealot  
  20  1:22  Probe  
  21  1:30  Pylon  
  21  1:34  Probe  
  22  1:47  Stalker (Chrono Boost)  
  24  1:56  Stargate  
  24  2:04  Pylon  
  24  2:10  Shield Battery  
  24  2:22  Shield Battery  
  24  2:26  Shield Battery  
  24  2:31  Void Ray (Chrono Boost)  
  24  2:42  Shield Battery  
  28  2:45  Shield Battery  
  26  2:53  Pylon  
  26  2:54  Pylon  
  23  3:08  Robotics Facility  
  23  3:19  Pylon  

Tags
 
Add a new tag
Caveats
  • Supply blocks, unpowered buildings, or Contaminate may cause inaccurate times.
  • Supply counts are checked every 10 seconds.